AoeStats
← hula

Arena

510553690Analyzed
3v3 RM · 1d ago on Oct 1, 2026· 26m 12s· 6 players
Game mode
Random Map
Map size
Normal (6 player)
Population
200
Speed
Normal
Resources
Standard
Victory
Conquest
Starting age
Dark Age
Ending age
Imperial Age
RankedLock teamsTeams togetherTeam positionsShared explorationLock speedFull tech treeHidden civsTurbo modeCheats
Victory
Defeat
🇨🇳 Persians · China
942
+15
🇧🇷 Danes · Brazil
925
+16
🇧🇷 Lithuanians · Brazil
883
+17
🇫🇷 Bohemians · France
935
-16
🇺🇸 Celts · United States
910
-16
🇪🇸 Franks · Spain
909
-16
wolverine
12:30 Feudal Age
16:00 Castle Age
22:59 Double-Bit Axe
Godzi
10:16 Feudal Age
16:13 Castle Age
19:24 Double-Bit Axe
20:38 Loom
22:55 Wheelbarrow
22:36 Bow Saw
22:42 Forging
25:34 Hand Cart
hula
10:20 Feudal Age
11:25 Double-Bit Axe
16:43 Castle Age
16:49 Loom
17:22 Pikeman
23:57 Light Cavalry
25:37 Husbandry
29:01 Imperial Age
CarameloDe12
11:02 Feudal Age
14:39 Castle Age
12:52 Double-Bit Axe
12:49 Horse Collar
13:00 Gold Mining
17:03 Heavy Plow
20:00 Fervor
23:05 Bow Saw
24:16 Wheelbarrow
23:29 Loom
25:53 Hand Cart
25:51 Town Watch
26:25 Stone Mining
BiG
0:30 Loom
11:31 Feudal Age
13:48 Double-Bit Axe
17:07 Castle Age
17:48 Forging
17:39 Scale Mail Armor
18:16 Gambesons
18:31 Squires
18:18 Arson
20:57 Wheelbarrow
y.尊 尊
11:45 Feudal Age
10:01 Loom
12:20 Double-Bit Axe
13:12 Wheelbarrow
17:43 Castle Age
16:49 Horse Collar
22:00 Scale Barding Armor
22:59 Bow Saw
24:38 Forging
25:08 Fletching
Connection lost

Rejoining the realm…

Still unreachable

The connection could not be restored.

Session expired

The server has moved on; the page needs a fresh start.